Map: Prion Terraces

Players

Voltz - Winner!

  • Race: Zerg Zerg

Lütters

  • Race: Terran Terran
  • League: Diamond

Event: Gauntlet LotV Series 1 Qualifier 2

VOD

Have the link to the VOD?

Description

Time

  • Played on: Dec. 5, 2015, 2:09 p.m.
  • Length: 8:37

All games in this series

Show
View Real Time Build Order
Export as new Build Order

Voltz Zerg - Winner!

Build Orders: Hatch First 

Get SALT Encoding   

  12  0:01  Drone  
  13  0:13  Overlord  
  13  0:17  Drone  
  14  0:31  Drone x2  
  16  0:36  Drone  
  17  0:54  Hatchery, Drone  
  17  0:57  Drone  
  18  1:11  Extractor  
  17  1:12  Spawning Pool  
  17  1:15  Drone  
  17  1:19  Drone  
  18  1:28  Drone  
  19  1:39  Drone  
  20  1:49  Overlord  
  20  2:07  Zergling x4  
  20  2:08  Queen  
  24  2:12  Zergling x2  
  25  2:16  Spine Crawler  
  25  2:20  Drone  
  25  2:21  Metabolic Boost  
  25  2:30  Drone x2  
  27  2:38  Drone  
  27  2:39  Queen  
  27  2:43  Overlord  
  30  2:46  Drone  
  30  2:49  Drone  
  32  2:59  Drone  
  32  3:00  Drone  
  32  3:05  Zergling x2  
  35  3:13  Drone  
  35  3:19  Drone x3  
  39  3:21  Queen  
  39  3:22  Extractor x2  
  39  3:25  Roach Warren  
  38  3:27  Overlord  
  38  3:28  Drone x2  
  39  3:37  Drone x2  
  41  3:49  Overlord  
  41  3:50  Overlord  
  41  3:56  Overlord x2  
  40  4:10  Roach x5  
  40  4:15  Roach  
  50  4:23  Extractor  
  49  4:25  Roach x2  
  49  4:28  Hatchery, Roach x2  
  56  4:33  Roach x2  
  60  4:42  Roach x3  
  66  4:49  Overlord  
  66  4:50  Drone x2  
  68  4:54  Drone  
  68  4:57  Drone x3  
  72  5:02  Drone  
  72  5:06  Lair  
  73  5:08  Drone  
  73  5:13  Evolution Chamber  
  73  5:14  Evolution Chamber  
  73  5:20  Drone x4  
  74  5:26  Drone x4  
  78  5:30  Drone  
  77  5:41  Overlord  
  77  5:42  Queen  
  79  5:44  Drone x4  
  83  5:53  Drone x3  
  86  6:05  Spire  
  86  6:07  Drone x4  
  86  6:10  Extractor  
  88  6:12  Extractor  
  88  6:16  Overlord  
  88  6:18  Drone x2  
  89  6:23  Drone  
  89  6:24  Drone  
  91  6:26  Spore Crawler  
  91  6:27  Spore Crawler  
  91  6:29  Spore Crawler  
  91  6:30  Spore Crawler  
  91  6:31  Spore Crawler  
  86  6:33  Drone x6  
  86  6:34  Drone  
  86  6:36  Drone  
  92  6:52  Queen  
  80  7:17  Overseer  
  80  7:18  Mutalisk  
  80  7:19  Mutalisk x10  
  80  7:22  Overlord  
  100  7:23  Mutalisk x3  
  100  7:27  Mutalisk  
  108  7:32  Mutalisk  
  108  7:33  Mutalisk  
  108  7:36  Hatchery  
  111  7:37  Mutalisk  
  111  7:38  Hatchery  
  111  7:42  Overlord  
  111  7:43  Overlord, Mutalisk  
  114  7:47  Mutalisk  
  114  7:50  Zergling x4  
  118  7:55  Overlord x2  
  118  7:56  Baneling Nest  
  117  8:02  Mutalisk x2  
  117  8:05  Zergling x8  
  125  8:09  Mutalisk  
  125  8:12  Zergling x6  
Show
View Real Time Build Order
Export as new Build Order

Lütters Terran 

Build Orders: Reaper Expand 

Get SALT Encoding   

  12  0:01  SCV  
  13  0:13  SCV  
  14  0:17  Supply Depot  
  14  0:25  SCV  
  15  0:39  SCV, Barracks  
  16  0:45  Refinery  
  16  0:51  SCV  
  17  1:03  SCV  
  18  1:15  SCV  
  19  1:29  Orbital Command  
  19  1:30  Reaper  
  20  1:53  Bunker  
  20  1:55  Command Center  
  20  2:02  Reaper  
  20  2:04  SCV  
  22  2:12  Bunker  
  22  2:17  SCV  
  22  2:20  Refinery  
  23  2:33  SCV  
  23  2:47  Factory, Barracks  
  23  2:54  Barracks Reactor  
  23  2:57  Supply Depot  
  23  3:06  SCV  
  23  3:12  Orbital Command  
  24  3:18  SCV  
  24  3:30  SCV  
  25  3:38  SCV  
  25  3:40  Marine x2  
  28  3:43  SCV  
  28  3:45  Supply Depot  
  27  3:49  Marine  
  27  3:50  SCV  
  27  3:55  SCV  
  28  4:02  SCV  
  28  4:06  Marine x2  
  28  4:07  SCV  
  29  4:14  SCV, Starport  
  30  4:19  SCV  
  30  4:22  Factory Tech Lab  
  30  4:23  Barracks Tech Lab  
  31  4:24  Marine x2  
  31  4:26  SCV  
  35  4:31  SCV, Bunker  
  35  4:38  SCV  
  35  4:42  Marine x2  
  35  4:43  SCV  
  39  4:50  SCV  
  40  4:53  Siege Tank  
  40  4:55  SCV, Starport Tech Lab  
  40  4:56  Supply Depot  
  44  5:02  SCV  
  44  5:04  Supply Depot, Marine x2  
  49  5:07  SCV, Marauder  
  49  5:08  Concussive Shells  
  49  5:14  SCV  
  49  5:19  SCV  
  50  5:22  Marine  
  49  5:29  Banshee  
  48  5:38  Marine x2  
  48  5:42  SCV  
  50  5:44  Cloaking Field  
  50  5:47  Marine  
  51  5:54  SCV, Siege Tank  
  51  5:56  Marine  
  56  6:02  Marine  
  57  6:05  Marine  
  57  6:09  SCV  
  59  6:14  Marine  
  60  6:21  SCV  
  61  6:31  Supply Depot x2  
  61  6:40  Marine  
  62  6:52  Orbital Command, Marine x2  
  62  6:53  Siege Tank  
  67  6:54  Supply Depot  
  67  6:57  Medivac  
  67  6:58  Marine  
  70  7:10  Marine x2  
  72  7:18  Marine  
  72  7:19  SCV x2  
  75  7:25  Siege Tank  
  75  7:28  Marine x2  
  75  7:29  Supply Depot  
  80  7:31  SCV  
  80  7:32  Supply Depot  
  81  7:41  Refinery  
  81  7:42  Refinery, Marine  
  81  7:43  Starport  
  82  7:46  Marine  
  83  7:57  Siege Tank  
  84  8:01  Supply Depot  
  84  8:03  Engineering Bay  
  84  8:10  Marine x3  
Tags
 
Add a new tag
Caveats
  • Supply blocks, unpowered buildings, or Contaminate may cause inaccurate times.
  • Supply counts are checked every 10 seconds.